MoldyLox, neutral female human Valkyrie --- ------------------ --- |.|---|................|--------------|.-- |.|...|................|*??|..|...|...|..| ---- ----|.|...-..--|--.........|).[|..|...|...|..| --- |..| --..-|.|...|..|...|..-----..|[.[|..|-|---|--..| --.| ---..| --....|.-----..|...|--|((.|..--[---|-.........-- |..| |...-- |..............|...| |(..-.......[.....-----..| --..-- |.--- |....--...@@...|---| |.(.|......--+-...|...|..|--- |....| |.| ---....||.----...|((.|+------..{...|..|...)...|..|..---- -----.|.-- -- |.| |....---|.| +...|...|..........)..|..|...|...|..|-....--.-|...|-- --.-|.| |...-- |.| |...|...|-+-.....---|-------------.-||........|.--- |...|.--------..-----.----...--|-| |..-|-|..................|--.--....|.| --......<...............|........| |..|..|----....---------.----...----.| |....-------------.-...|..#.....----..|..|...-(...|......||.............| --- --...--- |......|-.............|..|..%|...%+...*_.||......------.---.| |.....--- |......--..|....#....)--------....|...[..||.------ |.....| --......-- --.........|-.....................|---------- --.....| --.......| |.........|----------------------- |...>.-- |....|.--- ---......-- |....-- --..---- --.--.-- ---..| ---- ------ ---- MoldyLox the Fighter Experience level: 7 Strength: 18/02 Dexterity: 10 Constitution: 17 Intelligence: 9 Wisdom: 13 Charisma: 8 Health: 0(60) Energy: 21(21) Def: 15 Gold: 429 Moves: 5092 Dungeon seed: iQ0IQVjQYouSBtqX Game ID: MoldyLox_1436379099 Your Inventory: Coins $ - 429 gold pieces Weapons a - a +2 silver spear (weapon in hand) x - a +0 elven dagger Armor e - an uncursed +3 small shield (being worn) r - an uncursed +0 studded leather armor (being worn) y - an uncursed +0 dwarvish cloak (being worn) N - a blessed +4 dwarvish iron helm (being worn) Y - an uncursed +0 pair of iron shoes (being worn) Comestibles d - an uncursed food ration v - 3 uncursed lembas wafers G - an uncursed eucalyptus leaf Scrolls A - a blessed scroll of water J - a cursed scroll of fire M - 2 uncursed scrolls of destroy armor P - an uncursed scroll of light Potions U - 3 potions of holy water Rings h - a cursed ring of aggravate monster T - an uncursed ring of cold resistance X - an uncursed ring of hunger Wands c - a wand of cold (0:4) s - a wand of enlightenment (0:14) L - a wand of make invisible (0:6) V - a wand of sleep (0:7) Tools b - an uncursed lock pick i - a cursed magic lamp l - an uncursed magic whistle w - an uncursed towel E - a +0 pick-axe W - 7 uncursed wax candles (0:400) Gems u - an uncursed sapphire Spells and supernatural/magical abilities: Name Level Category Fail Memory u - confuse monster 2 enchantment 100% 83% W - pray for help -- divine ? -- Your skills at the end: Fighting Skills Weapon Skills dagger [Basic] spear [Basic] Spellcasting Skills Final Attributes: You were fervently aligned. You were cold resistant. You were poison resistant. You saw invisible. You were stealthy. You could teleport. You could fly. You were fast. You were lucky. You are dead. Vanquished creatures: a water demon a small mimic a leather golem a watchman a leprechaun a spotted jelly a dingo a jaguar an ape a bugbear 6 Mordor orcs a rock piercer a rock mole a fog cloud a yellow light 3 gnome lords a gnomish wizard a ghoul 2 giant ants a little dog a floating eye 2 kittens 5 dwarves 2 homunculi 6 rothes 2 rabid rats a centipede an iguana an acid blob 2 coyotes a gas spore 5 hobbits a large kobold 3 giant rats 2 brown molds 2 yellow molds 2 green molds 10 gnomes 3 garter snakes 2 manes 3 geckos 9 jackals a fox a kobold 3 goblins 6 grid bugs 3 lichens a kobold zombie 4 newts 113 creatures vanquished. Voluntary challenges: You had been an atheist until turn 3400. You used a wielded weapon 144 times, starting on turn 2. You read items or engraved 8 times, starting on turn 1544. You never genocided any monsters. You never polymorphed an object. You never changed form. You used no wishes. You never split a pudding. You wrote Elbereth's name 1 time, starting on turn 4950. You violated your moral code, losing 5 points of alignment, starting on turn 1626. Dungeon overview: The Dungeons of Doom: levels 1 to 5 Level 1 a fountain a long staircase Level 2 a general store Level 3 Level 4 stairs to The Gnomish Mines Level 5 The Gnomish Mines: levels 5 to 8 Level 5 stairs to The Dungeons of Doom Level 6 Level 7 <- You were here many shops, a temple to Odin, a fountain, some trees Level 8 History has recorded: On T:1 you entered the Dungeons of Doom to retrieve the Amulet of Yendor! On T:62 you reached level 2 of The Dungeons of Doom. On T:752 you reached level 3 of The Dungeons of Doom. On T:945 you advanced to experience level 2. On T:1381 you advanced to experience level 3. On T:1999 you advanced to experience level 4. On T:2340 you reached level 4 of The Dungeons of Doom. On T:2372 you reached level 1 of The Gnomish Mines. On T:2533 you reached level 5 of The Dungeons of Doom. On T:2779 you advanced to experience level 5. On T:3183 you reached level 2 of The Gnomish Mines. On T:3241 you advanced to experience level 6. On T:3309 you reached level 3 of The Gnomish Mines. On T:3921 you reached level 4 of The Gnomish Mines. On T:4063 you advanced to experience level 7. Score breakdown: Gold: 429 ( 42 points) Experience: 7 levels ( 600 points) Exploration: 8 levels ( 210 points) Discoveries: 16 items ( 800 points) Variety of kills: 49 monsters ( 2000 points) Major goal: (nothing yet) ( 0 points) Survival: died (score multiplied by 3) Total score: 10956 Latest messages: Your dagger also slips from your hand. You sold a leather armor for 2 gold pieces. You cannot drop something you are wearing. Your movements are now unencumbered. You hit it. The watch captain hits! (2x) You die... Final status: Farvel MoldyLox the Valkyrie, killed by a watch captain... You died in The Gnomish Mines on dungeon level 7 with 10956 points, and 429 pieces of gold, after 5092 moves. You were level 7 with a maximum of 60 hit points when you died.